 Dungeon Crawl Stone Soup version 0.30-a0-845-g7c6808c (webtiles) character file.

Game seed: 8841592225445838606

237257 Illumine the Transmogrifier (level 17, -12/144 HPs)
             Began as a Demigod Earth Elementalist on Mar 1, 2023.
             Mangled by a green very ugly thing (18 damage)
             ... on level 13 of the Dungeon on Mar 2, 2023.
             The game lasted 01:43:12 (31964 turns).

Illumine the Transmogrifier (DgEE)                 Turns: 31964, Time: 01:43:12

Health: -12/144    AC: 10    Str: 12    XL:     17   Next: 89%
Magic:  43/43      EV: 23    Int: 37    God:
Gold:   1581       SH:  0    Dex: 14    Spells: 5/32 levels left

rFire   . . .      SeeInvis +    a - melded staff of earth
rCold   . . .      Faith    .    (shield currently unavailable)
rNeg    . . .      Spirit   .    S - melded +5 ring mail of Hospitality {rF++ Str+6 SInv}
rPois   ∞          Reflect  .    u - melded +2 helmet
rElec   +          Rampage  .    e - melded scarf {rC+ rF+}
rCorr   .                        f - melded +0 pair of gloves
Will    +....                    H - melded +2 pair of boots of the Old and Reckless {rN++ Int+3 SInv}
Stlth   +                        G - amulet of Vitality {RegenMP++ Regen++}
HPRegen 2.04/turn                I - ring of magical power
MPRegen 1.08/turn                C - ring "Yretiof" {Str+3 SInv}

@: mighty, storm-form, silenced (expiring), corroded, flying, studying 2 skills
A: cleaving, insubstantial, flying, high MP 1, forlorn, divine attributes
}: 2/15 runes: serpentine, barnacled
a: Blinkbolt, End Transformation


You were on level 13 of the Dungeon.
You were a lightning-filled tempest!
You visited 6 branches of the dungeon, and saw 31 of its levels.
You also visited: Sewer, Ossuary, Bailey and Ice Cave.

You collected 3509 gold pieces.
You spent 1928 gold pieces at shops.

Inventory:

Hand Weapons
 b - the +7 lajatang of Order {silver, rMut}
   (You acquired it on level 14 of the Dungeon)

   rMut:      It protects you from mutation.
 T - a +5 vampiric demon trident
Armour
 e - a scarf of resistance (melded)
 f - a +0 pair of gloves (melded)
 u - a +2 helmet (melded)
 H - the +2 pair of boots of the Old and Reckless (melded) {rN++ Int+3 SInv}
   (You bought it in a shop on level 7 of the Dungeon)

   Int:       It affects your intelligence (+3).
   rN:        It greatly protects you from negative energy.
   SInv:      It lets you see invisible.
 S - the +5 ring mail of Hospitality (melded) {rF++ Str+6 SInv}
   (You found it in a bailey)

   Str:       It affects your strength (+6).
   rF:        It greatly protects you from fire.
   SInv:      It lets you see invisible.
Magical Staves
 a - a staff of earth (melded)
Jewellery
 j - a ring of resist corrosion
 m - a ring of poison resistance
 x - a ring of flight
 y - a +5 ring of evasion
 C - the ring "Yretiof" (right fist) {Str+3 SInv}
   (You took it off a nagaraja on level 4 of the Snake Pit)

   [ring of see invisible]

   Str:       It affects your strength (+3).
   SInv:      It lets you see invisible.
 G - the amulet of Vitality (around neck) {RegenMP++ Regen++}
   (You found it on level 5 of the Dungeon)

   [amulet of magic regeneration]

   It increases your rate of magic regeneration.
   Regen:     It increases your rate of health regeneration.
 I - a ring of magical power (left fist)
 J - a ring of protection from fire
 R - a ring of protection from cold
 W - a ring of ice
Wands
 d - a wand of polymorph (14)
 E - a wand of paralysis (33)
 N - a wand of digging (3)
 O - a wand of flame (11)
 X - a wand of iceblast (7)
Scrolls
 g - 5 scrolls of fear
 k - 5 scrolls of fog
 n - 5 scrolls of magic mapping
 o - a scroll of blinking
 p - 6 scrolls of enchant armour
 q - 11 scrolls of teleportation
 w - 2 scrolls of amnesia
 D - 4 scrolls of vulnerability
 K - 2 scrolls of torment
 L - 4 scrolls of immolation
 Z - 3 scrolls of poison
Potions
 c - 7 potions of ambrosia
 h - 10 potions of attraction
 i - 2 potions of invisibility
 l - 8 potions of curing
 s - 2 potions of magic
 t - 8 potions of might
 v - 7 potions of mutation
 z - 8 potions of heal wounds
 A - 7 potions of resistance
 B - 5 potions of cancellation
 F - 4 potions of haste
 U - 6 potions of flight
 Y - 4 potions of brilliance
Miscellaneous
 r - a phantom mirror
 M - a tin of tremorstones (2/2)
 P - a condenser vane
 Q - a box of beasts


   Skills:
 + Level 11.1 Fighting
 - Level 1.5(5.1) Maces & Flails
 - Level 7.8(8.0) Staves
 + Level 8.1 Armour
 + Level 7.4 Dodging
 - Level 1.7 Stealth
 - Level 4.0 Shields
 * Level 2.7 Unarmed Combat
 - Level 8.1 Spellcasting
 - Level 11.0 Conjurations
 - Level 5.0 Summonings
 + Level 6.2 Translocations
 + Level 13.4 Transmutations
 + Level 13.3 Air Magic
 - Level 10.0 Earth Magic
 - Level 5.0 Evocations


You had 5 spell levels left.
You knew the following spells:

 Your Spells              Type           Power      Damage    Failure   Level
a - Animate Armour        Summ/Erth      100%       N/A       1%          4
b - Stone Arrow           Conj/Erth      100%       3d13      1%          3
c - Iskenderun's Battles  Conj           77%        2d13      1%          5
d - Storm Form            Tmut/Air       42%        N/A       9%          7
e - Passage of Golubria   Tloc           57%        N/A       1%          4
f - Manifold Assault      Tloc           57%        N/A       1%          4

Your spell library contained the following spells:

 Spells                   Type           Power      Damage    Failure   Level
 Wereblood                Tmut           85%        N/A       0%          2
 Sandblast                Erth           100%       2d20      1%          1
 Sting                    Tmut/Pois      100%       1d8       1%          1
 Blink                    Tloc           100%       N/A       1%          2
 Cigotuvi's Dreadful Rot  Necr/Pois/Air  96%        N/A       1%          2
 Passwall                 Tmut/Erth      66%        N/A       1%          2
 Poisonous Vapours        Pois/Air       100%       N/A       1%          2
 Call Canine Familiar     Summ           51%        N/A       1%          3
 Ignite Poison            Fire/Tmut/Pois 48%        N/A       1%          3
 Mephitic Cloud           Conj/Pois/Air  66%        N/A       1%          3
 Swiftness                Air            85%        N/A       1%          3
 Ice Form                 Ice/Tmut       59%        N/A       1%          4
 Petrify                  Tmut/Erth      80%        N/A       1%          4
 Blade Hands              Tmut           42%        N/A       1%          5
 Portal Projectile        Hex/Tloc       76%        N/A       2%          3
 Summon Guardian Golem    Hex/Summ       33%        N/A       2%          3
 Flame Wave               Conj/Fire      54%        2d13      2%          4
 Leda's Liquefaction      Hex/Erth       25%        N/A       3%          4
 Ensorcelled Hibernation  Hex/Ice        30%        N/A       4%          2
 Scorch                   Fire           30%        2d7       4%          2
 Sublimation of Blood     Necr           15%        N/A       4%          2
 Silence                  Hex/Air        29%        N/A       4%          5
 Frozen Ramparts          Ice            30%        1d5       8%          3
 Fireball                 Conj/Fire      27%        3d12      8%          5
 Summon Ice Beast         Ice/Summ       33%        N/A       10%         4
 Animate Dead             Necr           15%        N/A       26%         4
 Metabolic Englaciation   Hex/Ice        7%         N/A       58%         5
 Conjure Ball Lightning   Conj/Air       40%        3x3d13    2%          6
 Statue Form              Tmut/Erth      53%        N/A       3%          6
 Orb of Destruction       Conj           38%        9d11      24%         7
 Summon Cactus Giant      Summ           25%        N/A       45%         6
 Spellforged Servitor     Conj/Summ      32%        N/A       63%         7
 Lehudib's Crystal Spear  Conj/Erth      37%        10d9      93%         8
 Summon Hydra             Summ           25%        N/A       96%         7
 Haunt                    Necr/Summ      16%        N/A       100%        7
 Infestation              Necr           7%         N/A       100%        8
 Shatter                  Erth           36%        3d29*     100%        9


Dungeon Overview and Level Annotations

Branches:
Dungeon (15/15)            Temple (0/1) D:4            Lair (5/5) D:10
 Shoals (4/4) Lair:2        Snake (4/4) Lair:3        Slime (0/5) Lair:5
    Orc (2/2) D:11            Elf (0/3) Orc:2        Vaults (1/5) D:13
 Depths (0/4) D:15          Sewer (visited)         Ossuary (visited)
 Bailey (visited)           IceCv (visited)

Shops:
D:3 !   D:7 ![   D:10 *   D:11 *   Orc:2 [(:!   Shoals:2 [   Shoals:4 [=
Snake:4 ?

Portals:
Abyss: Lair:5

Annotations:
D:12 2 transporters, Dhd's ghost, journeyman TrGl
Snake:2 6 transporters
Snake:4 Bai Suzhen


Innate Abilities, Weirdness & Mutations

You are a lightning-filled tempest!
Your electrical attacks strike out in all directions at once.
You are incredibly evasive.
Your insubstantial body is immune to petrification, constriction, and being set on fire You are flying.
You are immune to poison.
Your armour is entirely melded.
You are incapable of wielding weapons or throwing items.
You have an increased reservoir of magic. (+10% MP)
You shall have no god before yourself.
Your divine heritage dramatically boosts your attributes as you level up.


Message History

You buffet the brown very ugly thing!
You buffet the green very ugly thing!
Lightning courses through the green very ugly thing!
The green very ugly thing completely misses you.
You buffet the brown very ugly thing!
You punch the brown very ugly thing, but do no damage.
The brown very ugly thing is almost dead.
You buffet the brown very ugly thing!
You barely miss the green very ugly thing.
The brown very ugly thing gores you. The acid corrodes you!
You are splashed with acid!
The green very ugly thing tentacle-slaps you.
* * * LOW HITPOINT WARNING * * *
You hit the brown very ugly thing.
Lightning courses through the brown very ugly thing!
The brown very ugly thing is almost dead.
You buffet the brown very ugly thing!
Lightning courses through the brown very ugly thing!
You hit the green very ugly thing but do no damage.
The brown very ugly thing pecks you!
* * * LOW HITPOINT WARNING * * *
The acid corrodes you!
You are splashed with acid!
* * * LOW HITPOINT WARNING * * *
The brown very ugly thing basks in the mutagenic energy from its kin and changes!
The green very ugly thing tentacle-slaps you!
* * * LOW HITPOINT WARNING * * *
Unknown command.
Okay, then.
Magic scrolls do not work when you're silenced!
Unknown command.
You feel much better.
The brown very ugly thing completely misses you.
The green very ugly thing tentacle-slaps you!
* * * LOW HITPOINT WARNING * * *
You feel very mighty all of a sudden. The brown very ugly thing pecks you!
* * * LOW HITPOINT WARNING * * *
You are splashed with acid!
* * * LOW HITPOINT WARNING * * *
The green very ugly thing tentacle-slaps you!!
You die...

#.####.#### #........##...... #.#
#...####)........#...... #.#
###.#...##..####........ ##.##
###.....##..# #........ #...#
#...........# ##.#......
##.#.###.....#.#.#.# #..#......
#..#..##...........###.##......
#.###.##.....###.#......)......
#.# #........uv#......######.##
#.# #####....uu#.#....# ####.##
##.# #..........>..###...... #..#
#............###....... ##.##
#####........##........ #..##
##.......##........ ....#
#..##..[.##........
....###########.###....##........
...........................[.....


You could see 3 very ugly things.

Vanquished Creatures
  A shard shrike (IceCv)
  Zenata (Vaults:1)
  Mlioglotl (Snake:4)
  The ghost of Dafyk the Earth Mage, an adept DEEE of Vehumet (Shoals:1)
  Frances (Shoals:2)
  Kirke (D:15)
  Roxanne (D:15)
  Ilsuiw (Shoals:2)
  6 nagarajas
  A white draconian (IceCv)
  4 merfolk impalers
  7 merfolk javelineers
  3 hydras
  2 salamander tyrants
  8 anacondas
  An ogre mage (D:15)
  4 catoblepae
  Erica (D:8)
  9 two-headed ogres
  2 merfolk aquamancers (Shoals:4)
  4 ironbound frosthearts (IceCv)
  An alligator snapping turtle (Shoals:4)
  2 merfolk avatars
  6 centaur warriors
  2 boulder beetles
  15 naga warriors
  4 satyrs
  A tengu warrior (D:14)
  13 naga sharpshooters
  A thrashing horror (Lair:5)
  Urug (Lair:3)
  A death yak (Lair:3)
  7 shock serpents
  4 skysharks
  Amaemon (D:8)
  12 sea snakes
  A fire crab (shapeshifter) (D:13)
  A death drake (shapeshifter) (D:15)
  4 salamander mystics
  2 sea snakes (shapeshifter)
  A lindwurm (Lair:4)
  An orange crystal statue (IceCv)
  3 deep elf pyromancers
  A spriggan simulacrum (D:15)
  A deep elf zephyrmancer (D:10)
  10 naga ritualists
  11 harpies
  3 wolf spiders
  3 orc knights
  28 ugly things
  13 manticores
  12 mana vipers
  14 fauns
  4 cyclopes
  16 salamanders
  38 black mambas
  15 elephants
  21 naga magi
  3 guardian serpents
  An eye of devastation (shapeshifter) (D:15)
  A molten gargoyle (Lair:4)
  7 water nymphs
  8 merfolk sirens
  11 cane toads
  A torpor snail (Lair:3)
  An orange demon (D:8)
  A gargoyle (Bailey)
  An efreet (D:9)
  2 unseen horrors
  A yaktaur (shapeshifter) (D:14)
  4 yaktaurs (D:15)
  22 rime drakes
  Maggie (D:10)
  8 komodo dragons
  Psyche (D:8)
  25 merfolk
  An anaconda simulacrum (D:15)
  An ancient zyme (Lair:5)
  7 trolls
  A polar bear (shapeshifter) (D:14)
  21 polar bears
  16 blink frogs
  A wind drake (Shoals:3)
  2 hornets
  9 snapping turtles
  A snapping turtle (shapeshifter) (D:13)
  3 dream sheep (Shoals:2)
  11 slime creatures
  A spriggan (shapeshifter) (D:13)
  3 wraiths
  Sigmund (D:4)
  2 shadows
  3 hogs (D:15)
  41 yaks
  5 large abominations (Lair:5)
  3 vampires
  3 wyverns
  Eustachio (D:4)
  8 basilisks
  2 spriggans (D:9)
  A ynoxinul (Lair:5)
  A fire elemental (Lair:4)
  2 water elementals
  A human (shapeshifter) (D:13)
  4 vampire mosquitoes (D:14)
  4 chaos spawn (Lair:5)
  2 harpy simulacra (D:15)
  2 minotaur simulacra (D:15)
  Menkaure (D:7)
  33 nagas
  2 wargs (Orc:2)
  3 acid dragons
  26 water moccasins
  A floating eye (shapeshifter) (Lair:5)
  A black bear (D:7)
  A black bear (shapeshifter) (D:15)
  39 orc warriors
  An ice beast (D:5)
  3 sky beasts (D:6)
  The ghost of MinotaursOnly the Trooper, an amateur MiBe of Trog (D:3)
  6 small abominations (Lair:5)
  15 wolves
  2 ogres
  17 centaurs
  2 elf zombies (D:5)
  A phantom (D:6)
  4 kobold brigands
  10 bullfrogs
  4 scorpions
  9 necrophages
  A gnoll sergeant (D:8)
  A deep troll simulacrum (D:15)
  10 wights
  7 killer bees
  A lindwurm simulacrum (D:15)
  9 vampire bats (Bailey)
  3 howler monkeys
  6 wolf zombies (Bailey)
  2 electric eels (Lair:4)
  3 lava snakes (Lair:3)
  A human zombie (D:5)
  A gnoll bouda (D:9)
  4 hounds
  2 jellies
  10 orc priests
  5 human skeletons (D:5)
  5 iguanas
  Natasha (thrice) (D:4)
  16 orc wizards
  Ijyb (D:4)
  2 mummies
  21 gnolls
  6 adders
  4 river rats (Sewer)
  A shadow imp (D:5)
  2 white imps
  An ufetubus (D:4)
  A worm (D:3)
  2 dart slugs
  68 orcs
  3 bats
  5 endoplasms
  5 giant cockroaches
  17 goblins
  10 hobgoblins
  10 quokkas
  9 ball pythons
  8 frilled lizards
  5 gnoll skeletons (Ossuary)
  23 kobolds
  7 kobold skeletons (Ossuary)
  15 orc skeletons
  21 orc zombies
  9 rats
  A bush (Lair:3)
1126 creatures vanquished.

Vanquished Creatures (collateral kills)
  A naga sharpshooter (Snake:3)
  The ghost of Dega the Skirmisher, a novice SpHu of Hepliaklqana (D:9)
  A salamander (Snake:3)
  A naga mage (Snake:3)
  A komodo dragon (D:12)
  A ynoxinul (Lair:5)
  A yak (Lair:5)
  4 nagas (Snake:3)
11 creatures vanquished.

Vanquished Creatures (others)
  2 humans (D:15)
  A warg (D:15)
  An orc (D:15)
  19 fungi
  137 plants
160 creatures vanquished.

Grand Total: 1297 creatures vanquished

Notes
Turn   | Place    | Note
-------+----------+-------------------------------------------
     0 | D:1      | Illumine the Demigod Earth Elementalist began the quest for
                  | the Orb.
     0 | D:1      | Reached XP level 1. HP: 14/14 MP: 5/5
   283 | D:1      | Reached XP level 2. HP: 20/20 MP: 5/7
  1150 | D:2      | Reached XP level 3. HP: 26/26 MP: 7/9
  1169 | D:2      | Learned a level 3 spell: Stone Arrow
  1590 | D:2      | Reached skill level 1 in Conjurations
  1696 | D:3      | Reached XP level 4. HP: 33/33 MP: 8/11
  1924 | D:3      | Reached XP level 5. HP: 38/38 MP: 6/12
  2583 | D:3      | Found a runed translucent door.
  2584 | D:3      | Noticed MinotaursOnly's ghost (amateur MiBe)
  2628 | D:3      | Found Buntumme's Distillery.
  2630 | D:3      | Bought a potion of degeneration for 14 gold pieces
  2801 | D:4      | Found a glowing drain.
  2836 | D:4      | Noticed Natasha
  2838 | Sewer    | Entered a sewer
  3074 | Sewer    | Reached XP level 6. HP: 40/45 MP: 5/14
  3262 | D:4      | Killed Natasha
  3523 | D:4      | Noticed Sigmund
  3529 | D:4      | Killed Sigmund
  3530 | D:4      | Reached skill level 1 in Shields
  3615 | D:4      | Found a staircase to the Ecumenical Temple.
  3720 | D:4      | Noticed Eustachio
  3727 | D:4      | Killed Eustachio
  3728 | D:4      | Reached XP level 7. HP: 39/50 MP: 2/16
  3879 | D:4      | Noticed Ijyb
  3883 | D:4      | Killed Ijyb
  3884 | D:4      | Noticed Natasha
  4166 | D:4      | Killed Natasha
  4363 | D:4      | Noticed Natasha
  4368 | D:4      | Killed Natasha
  4377 | D:4      | Found a staircase to the Ecumenical Temple.
  4404 | D:5      | Entered Level 5 of the Dungeon
  4404 | D:5      | Found the amulet of Vitality {RegenMP++ Regen++}
  4585 | D:5      | Reached skill level 5 in Earth Magic
  4692 | D:5      | Reached skill level 5 in Conjurations
  4701 | D:5      | Reached skill level 1 in Fighting
  4712 | D:5      | Reached XP level 8. HP: 59/59 MP: 18/18
  4718 | D:5      | Found a sand-covered staircase.
  4725 | Ossuary  | Entered an ossuary
  5659 | D:6      | Reached skill level 5 in Spellcasting
  6077 | D:6      | Reached XP level 9. HP: 68/68 MP: 17/20
  6681 | D:7      | Found Vuwkur's Distillery.
  6762 | D:7      | Found Bicikliw's Armour Shop.
  7006 | D:7      | Noticed Menkaure
  7021 | D:7      | Killed Menkaure
  7278 | D:8      | Reached XP level 10. HP: 80/80 MP: 13/23
  7287 | D:7      | Reached skill level 5 in Dodging
  7327 | D:8      | Found a flagged portal.
  7333 | Bailey   | Entered a bailey
  7532 | Bailey   | Reached skill level 5 in Fighting
  7532 | Bailey   | Reached skill level 1 in Staves
  7534 | Bailey   | Reached skill level 1 in Evocations
  7631 | Bailey   | Identified the +5 ring mail of Hospitality {rF++ Str+6
                  | SInv}
  7717 | D:8      | Noticed Erica
  7732 | D:8      | Killed Erica
  7988 | D:8      | Noticed Psyche
  7991 | D:8      | Killed Psyche
  8105 | D:8      | Noticed Amaemon
  8122 | D:8      | Killed Amaemon
  8397 | D:9      | Noticed a two-headed ogre
  8401 | D:9      | Killed a two-headed ogre
  8458 | D:9      | Reached XP level 11. HP: 88/88 MP: 18/25
  8610 | D:9      | Noticed a two-headed ogre
  8662 | D:9      | Killed a two-headed ogre
  8713 | D:9      | Noticed a two-headed ogre
  8717 | D:9      | Killed a two-headed ogre
  8733 | D:9      | Found a runed translucent door.
  8922 | D:7      | Bought the +2 pair of boots of the Old and Reckless {rN++
                  | Int+3 SInv} for 510 gold pieces
  9022 | D:9      | Identified the +9 trident "Myab" {vamp, *Slow rN+++ rCorr
                  | Str-5}
  9025 | D:9      | Noticed Dega's ghost (novice SpHu)
  9485 | D:10     | Entered Level 10 of the Dungeon
  9485 | D:10     | Found a staircase to the Lair.
  9682 | D:10     | Got the Secrets of Congregated Configuration
  9714 | D:10     | Noticed a centaur warrior
  9717 | D:10     | Noticed a deep elf zephyrmancer
  9718 | D:10     | Killed a centaur warrior
  9722 | D:10     | Killed a deep elf zephyrmancer
  9747 | D:10     | Identified the +9 battleaxe "Dudgheost" {venom, rPois Will-
                  | Dex+3 SInv}
  9755 | D:10     | Identified the +10 short sword "Lassull" {speed, Fly rC+}
  9775 | D:10     | Noticed a centaur warrior
  9786 | D:10     | Killed a centaur warrior
  9861 | D:10     | Noticed Maggie
  9870 | D:10     | Killed Maggie
 10098 | D:10     | Found Jaemm's Elemental Accessories.
 10334 | D:11     | Found Wimaugeo's General Store.
 10700 | D:11     | Found a staircase to the Orcish Mines.
 11123 | Orc:1    | Entered Level 1 of the Orcish Mines
 11311 | Orc:2    | Entered Level 2 of the Orcish Mines
 11479 | Orc:2    | Reached XP level 12. HP: 97/97 MP: 20/27
 11504 | Orc:2    | Reached skill level 1 in Maces & Flails
 11765 | Orc:2    | Found a staircase to the Elven Halls.
 11884 | Orc:2    | Found Ytreg's Weapon Emporium.
 11884 | Orc:2    | Found Hoogie's Book Shop.
 11886 | Orc:2    | Found Jashrum's Distillery.
 11888 | Orc:2    | Found Athraiv's Armour Shoppe.
 12120 | D:10     | Bought the Incunabulum of the Lithosphere for 728 gold
                  | pieces
 12125 | D:10     | Learned a level 4 spell: Animate Armour
 12613 | Lair:1   | Entered Level 1 of the Lair of Beasts
 12760 | Lair:1   | Reached skill level 5 in Evocations
 12763 | Lair:1   | Reached skill level 1 in Summonings
 12766 | Lair:1   | Reached skill level 1 in Armour
 13386 | Lair:2   | Learned a level 5 spell: Iskenderun's Battlesphere
 13736 | Lair:2   | Found a staircase to the Shoals.
 13881 | Lair:3   | Noticed a catoblepas
 13892 | Lair:3   | Killed a catoblepas
 14100 | Lair:3   | Found a staircase to the Snake Pit.
 14178 | Lair:3   | Noticed an eight-headed hydra
 14182 | Lair:3   | Killed an eight-headed hydra
 14196 | Lair:3   | Reached XP level 13. HP: 86/107 MP: 17/29
 14953 | Lair:4   | Reached skill level 10 in Conjurations
 14987 | Lair:4   | Noticed Urug
 14997 | Lair:3   | Killed Urug
 15021 | Lair:3   | Upgraded the game from 0.30-a0-840-ga523dec to
                  | 0.30-a0-843-g1c18f60
 15685 | Lair:4   | Reached skill level 10 in Earth Magic
 16113 | Lair:5   | Entered Level 5 of the Lair of Beasts
 16236 | Lair:5   | Learned a level 7 spell: Storm Form
 16254 | Lair:5   | Reached skill level 1 in Transmutations
 16369 | Lair:5   | Reached skill level 5 in Armour
 16369 | Lair:5   | Reached skill level 5 in Summonings
 16423 | Lair:5   | Reached skill level 1 in Air Magic
 16705 | Lair:5   | Reached XP level 14. HP: 118/118 MP: 6/30
 16977 | Lair:5   | Found a staircase to the Slime Pits.
 17425 | Lair:5   | Found a one-way gate to the infinite horrors of the Abyss.
 17934 | D:12     | Noticed Dhd's ghost (journeyman TrGl)
 17946 | D:12     | Found a transporter.
 17980 | D:12     | Found a transporter.
 18343 | D:12     | Learned a level 4 spell: Passage of Golubria
 18596 | D:12     | Reached skill level 1 in Translocations
 18840 | D:3      | Killed MinotaursOnly's ghost
 18841 | D:3      | Upgraded the game from 0.30-a0-843-g1c18f60 to
                  | 0.30-a0-845-g7c6808c
 19077 | D:9      | Killed Dega's ghost
 19276 | D:13     | Noticed a fire giant
 19286 | D:13     | a fire giant changed into a shadow dragon
 19286 | D:13     | Noticed a shadow dragon (glowing shapeshifter)
 19359 | D:13     | Found a gate to the Vaults.
 19433 | D:13     | Noticed a sphinx
 19436 | D:13     | a sphinx changed into a stone giant
 19437 | D:13     | a stone giant changed into an azure jelly
 19437 | D:13     | Noticed an azure jelly (glowing shapeshifter)
 19448 | D:13     | an azure jelly changed into an emperor scorpion
 19448 | D:13     | Noticed an emperor scorpion (glowing shapeshifter)
 19453 | D:13     | an emperor scorpion changed into a death yak
 19461 | D:13     | Reached skill level 5 in Transmutations
 19928 | D:13     | Found a gate to the Vaults.
 20183 | D:14     | Identified a scroll of acquirement
 20184 | D:14     | Acquired the +7 lajatang of Order {silver, rMut}
 20184 | D:14     | Found the +7 lajatang of Order {silver, rMut}
 20193 | D:14     | Reached skill level 5 in Air Magic
 20814 | D:15     | Entered Level 15 of the Dungeon
 21010 | D:15     | Noticed Kirke
 21027 | D:15     | Killed Kirke
 21104 | D:15     | Found a frozen archway.
 21111 | D:15     | Reached skill level 10 in Fighting
 21138 | IceCv    | Entered an ice cave
 21150 | IceCv    | Reached skill level 5 in Staves
 21385 | IceCv    | Reached XP level 15. HP: 121/126 MP: 22/31
 21934 | IceCv    | Noticed a shard shrike
 21941 | IceCv    | Killed a shard shrike
 22226 | D:15     | Noticed Roxanne
 22292 | D:15     | Killed Roxanne
 22513 | D:15     | Found a staircase to the Depths.
 23060 | Snake:1  | Entered Level 1 of the Snake Pit
 23265 | Lair:1   | Learned a level 4 spell: Manifold Assault
 23901 | Snake:1  | Identified the +1 ring mail of the Other World {rC+++
                  | Str+3}
 25241 | Snake:2  | Noticed a nagaraja
 25255 | Snake:2  | Killed a nagaraja
 25464 | Snake:2  | Reached XP level 16. HP: 129/136 MP: 20/33
 25564 | Snake:2  | Found a transporter.
 25566 | Snake:2  | Found a transporter.
 25581 | Snake:2  | Found a transporter.
 25588 | Snake:2  | Found a transporter.
 25695 | Snake:2  | Reached skill level 5 in Translocations
 25826 | Snake:2  | Found a transporter.
 25871 | Snake:2  | Found a transporter.
 27195 | Snake:3  | Reached skill level 10 in Transmutations
 27465 | Snake:4  | Entered Level 4 of the Snake Pit
 27541 | Snake:4  | Reached skill level 10 in Air Magic
 27595 | Snake:4  | Found Ogukk's Magic Scroll Shoppe.
 27602 | Snake:4  | Bought a scroll of acquirement for 676 gold pieces
 27602 | Snake:4  | Acquired 605 gold pieces
 28398 | Snake:4  | Noticed Mlioglotl
 28407 | Snake:4  | Killed Mlioglotl
 28557 | Snake:4  | Noticed Bai Suzhen
 28568 | Snake:4  | Identified the ring "Yretiof" {Str+3 SInv}
 28669 | Snake:4  | Reached XP level 17. HP: 144/144 MP: 21/34
 28757 | Snake:4  | Got a serpentine rune of Zot
 29024 | Shoals:1 | Entered Level 1 of the Shoals
 29137 | Shoals:1 | Found a runed translucent gate.
 29137 | Shoals:1 | Found a runed translucent gate.
 29137 | Shoals:1 | Found a runed translucent gate.
 29154 | Shoals:1 | Noticed Dafyk's ghost (adept DEEE)
 29163 | Shoals:1 | Killed Dafyk's ghost
 29555 | Shoals:2 | Noticed Ilsuiw
 29555 | Shoals:2 | Found Uneyf's Antique Armour Shoppe.
 29782 | Shoals:2 | Noticed Frances
 29791 | Shoals:2 | Killed Frances
 29824 | Shoals:2 | Killed Ilsuiw
 30553 | Shoals:4 | Entered Level 4 of the Shoals
 30595 | Shoals:4 | Found Ronwacej's Armour Emporium.
 30716 | Shoals:4 | Got a barnacled rune of Zot
 30792 | Shoals:4 | Found Nyat's One-of-a-Kind Rings.
 31061 | Shoals:4 | Reached skill level 1 in Unarmed Combat
 31937 | Vaults:1 | Entered Level 1 of the Vaults
 31937 | Vaults:1 | Noticed Zenata
 31952 | Vaults:1 | Killed Zenata
 31964 | D:13     | HP: 6/144 [acid (8)]
 31964 | D:13     | Mangled by a green very ugly thing

Illustrated notes

Levels and vault maps discovered:
D:1:      spicycebolla_green_bress_n_ham, layout_basic, minmay_vboxes
D:2:      layout_rooms, basic_altar
D:3:      layout_loops_ring, okawaru_altar_gauntlet_db, grunt_qazlal_clouds,
          ebering_ghost_reflecting_pool, serial_shops, shop
D:4:      layout_cave_pods, slow_altar_1, zin_statuary,
          minmay_temple_entry_purple_smoke, portal_sewer_entry_f, uniq_ijyb,
          uniq_natasha, uniq_eustachio, uniq_sigmund
D:5:      layout_cave_pools, mainiacjoe_overflow_paths, lemuel_doored_altar,
          kennysheep_mini, nicolae_ossuary_entry_catacombs
D:6:      minmay_razor_zed, layout_loops_corners,
          nicolae_overflow_hidden_temple, hangedman_decor_riveting,
          kennysheep_minor_cross
D:7:      layout_rooms, serial_shops, nicolae_diamond_shop, shop, minivault_24,
          uniq_menkaure
D:8:      layout_loops_cross, mainiacjoe_overflow_catwalk_spiral,
          enter_bailey_3, minivault_25, nicolae_sextant, uniq_erica,
          uniq_amaemon, uniq_psyche
D:9:      layout_small_grid, nemelex_spade_bored_becter,
          ebering_ghost_funeral_grove, minmay_misc_feat_room,
          minmay_chambers_of_fives
D:10:     minmay_the_grid_four_pointed_star
          [minmay_the_grid_triangle_9x9_corrupted_corridor,
          minmay_the_grid_triangle_9x9_stretched_checkered,
          minmay_the_grid_triangle_9x9_limited_checkers,
          minmay_the_grid_triangle_9x9_zippers_vertical,
          minmay_the_grid_prize_diamond_cup], layout_rooms,
          worldfamousw_hep_ancestral_shrine, lair_entry_dummy,
          nicolae_elemental_shop, minivault_1, uniq_maggie
D:11:     layout_loops_corners, david_orc_2, serial_shops, nicolae_stop_n_shop_1
D:12:     layout_basic, nzn_ghost_randoct, kennysheep_small_square
D:13:     layout_rooms, david_vaults_2
D:14:     layout_roguey, minmay_misc_feat_iff, st_stairs_5
D:15:     hangedman_depths_entry_try_elsewhere_first, layout_loops_ring,
          portal_ice_cave_entry_ice_simulacra, uniq_roxanne, uniq_kirke
Lair:1:   layout_roguey, nicolae_lair_lil_pond
Lair:2:   layout_regular_city, minmay_shoals_entry_hut,
          infiniplex_staircase_pool_2, lemuel_fruit_tree
Lair:3:   layout_gridlike, minmay_snake_entry_six_corridors, minivault_27,
          wad_woods_06, roderic_carrion_pond
Lair:4:   layout_gridlike, serial_bayou_pond_b, fungi_pond_lemuel,
          nicolae_lair_run_with_the_wolves, uniq_urug
Lair:5:   hellmonk_lair_end_abyssal_woods, layout_long_grid,
          dpeg_slime_entry_enclosed, st_stairs_5
Shoals:1: layout_shoals, ebering_ghost_rock_garden
Shoals:2: layout_shoals, serial_shops, shop, uniq_frances, uniq_ilsuiw
Shoals:3: layout_shoals, uniq_polyphemus
Shoals:4: shoals_end_grunt_garden, layout_shoals, shoal_ilsuiw, serial_shops,
          shop, nicolae_shop_unique_rings
Snake:1:  layout_layer_cave, special_room, grunt_megastairs_2
Snake:2:  layout_cave_town, serial_nicolae_subway, nicolae_sub_station_metal,
          nicolae_sub_station_crystal, nicolae_sub_station_stone,
          grunt_megastairs_4
Snake:3:  layout_basic
Snake:4:  snake_pit, layout_grid_maze, serial_shops, shop,
          nicolae_snake_serpentine_hallways, uniq_bai_suzhen, uniq_donald,
          uniq_mlioglotl
Orc:1:    layout_caves
Orc:2:    st_orc_rangers, layout_caves, basic_altar
Vaults:1: v_misc_13, v_misc_33, ontoclasm_vaults_loading_screen,
          nicolae_vaults_little_ls, nicolae_vaults_asterisk, special_room_vaults
          [special_room_orc], vaults_room_fours, serial_ice_b,
          dpeg_vaults_monster_box, layout_vaults_omnigrid,
          nicolae_trove_entry_crystal, serial_shops, nicolae_diamond_shop,
          uniq_zenata

Skill      XL: |  1  2  3  4  5  6  7  8  9 10 11 12 13 14 15 16 17 |
---------------+----------------------------------------------------+-----
Spellcasting   | 2 3 4 5 6 7 8 |  8.1
Earth Magic    | 3 4 5 6 7 8 9 10 | 10.0
Conjurations   | 1 2 3 4 5 6 7 8 9 11 | 11.0
Shields        | 1 2 3 4 |  4.0
Dodging        | 2 3 4 5 7 |  7.4
Fighting       | 1 2 4 5 6 7 9 10 11 | 11.1
Staves         | 2 4 5 6 7 |  7.8
Evocations     | 2 4 5 |  5.0
Maces & Flails | 1 |  1.5
Summonings     | 3 5 |  5.0
Armour         | 3 5 6 8 |  8.1
Transmutations | 2 6 8 11 13 | 13.4
Air Magic      | 2 6 8 11 13 | 13.3
Translocations | 3 4 6 |  6.2
Unarmed Combat | 2 |  2.7
Stealth        | |  1.7

Action                     |  1- 3 |  4- 6 |  7- 9 | 10-12 | 13-15 | 16-18 || total
---------------------------+-------+-------+-------+-------+-------+-------++-------
  Melee: Long sword        |     3 |       |       |       |       |       ||     3
         Short sword       |       |    11 |       |       |       |       ||    11
         Staff             |       |     1 |     2 |     1 |     2 |     2 ||     8
         Demon whip        |       |       |       |     9 |    13 |       ||    22
         Lajatang          |       |       |       |       |   148 |    57 ||   205
         Unarmed           |       |       |       |       |       |    88 ||    88
         Punch             |       |       |       |       |       |     2 ||     2
   Fire: Sling             |     4 |    11 |       |       |       |       ||    15
   Cast: Sandblast         |    56 |   104 |   122 |    76 |       |       ||   358
         Stone Arrow       |       |     6 |   106 |   455 |   779 |   626 ||  1972
         Iskenderun's Batt |       |       |       |     8 |   135 |    94 ||   237
         Animate Armour    |       |       |       |       |     9 |       ||     9
         Manifold Assault  |       |       |       |       |     2 |    18 ||    20
         Passage of Golubr |       |       |       |       |       |     2 ||     2
         Storm Form        |       |       |       |       |       |     6 ||     6
Ability: Blinkbolt         |       |       |       |       |       |     3 ||     3
  Evoke: Wand              |       |       |       |     1 |       |    12 ||    13
         Condenser vane    |       |       |       |       |     1 |     3 ||     4
         Box of beasts     |       |       |       |       |       |     1 ||     1
         Tin of tremorston |       |       |       |       |       |     1 ||     1
    Use: Scroll            |       |     6 |       |    16 |    18 |    10 ||    50
         Potion            |       |       |       |     4 |     4 |     5 ||    13
   Stab: Invisible         |       |       |       |       |     3 |       ||     3
         Confused          |       |       |       |       |       |     2 ||     2
 Armour: Robe              |     5 |    21 |    24 |    49 |       |       ||    99
         Steam dragon scal |       |       |       |    44 |    33 |       ||    77
         Ring mail         |       |       |       |       |   182 |   188 ||   370
         Ice dragon scales |       |       |       |       |     3 |       ||     3
         Skin              |       |       |       |       |       |    16 ||    16
  Dodge: Dodged            |    15 |    32 |    36 |   325 |   506 |   415 ||  1329
  Block: Buckler           |       |       |     8 |    99 |    57 |       ||   164

Table legend: (Time is in decaauts)
 A = Elapsed time spent in this place.
 B = Non-inter-level travel time spent in this place.
 C = Inter-level travel time spent in this place.
 D = Time resting spent in this place.
 E = Time spent auto-exploring this place.
 F = Levels seen in this place.
 G = Mean time per level.
                   A        B        C        D        E       F      G
               +--------+--------+--------+--------+--------+-----+--------+
         Total |  32412 |  29538 |   2874 |   3535 |  18223 |  35 |  926.1 |
       Dungeon |  15137 |  13422 |   1715 |   1040 |   9400 |  15 | 1009.1 |
          Lair |   5867 |   5241 |    626 |    653 |   3368 |   5 | 1173.4 |
        Shoals |   2911 |   2694 |    217 |    502 |   1197 |   4 |  727.8 |
     Snake Pit |   5267 |   5059 |    208 |    837 |   3031 |   4 | 1316.8 |
  Orcish Mines |   1263 |   1157 |    106 |    200 |    584 |   2 |  631.5 |
        Vaults |     18 |     18 |      0 |      0 |      0 |   1 |   18.0 |
         Sewer |    462 |    462 |      0 |     24 |    304 |   1 |  462.0 |
       Ossuary |    210 |    210 |      0 |      4 |     21 |   1 |  210.0 |
        Bailey |    360 |    360 |      0 |      7 |    131 |   1 |  360.0 |
      Ice Cave |    912 |    912 |      0 |    267 |    186 |   1 |  912.0 |
               +--------+--------+--------+--------+--------+-----+--------+

Top non-repeatable levels by time:
  Lair:3: 1524 daAuts
 Snake:1: 1484 daAuts
     D:6: 1426 daAuts
     D:4: 1373 daAuts
  Lair:5: 1357 daAuts
 Snake:4: 1330 daAuts
 Snake:2: 1247 daAuts
     D:9: 1237 daAuts
 Snake:3: 1205 daAuts
     D:3: 1202 daAuts
    D:15: 1191 daAuts
    D:11: 1183 daAuts
Shoals:4: 1155 daAuts
     D:1: 1111 daAuts
  Lair:4: 1088 daAuts
